 Dungeon Crawl Stone Soup version 0.24-a0-139-geb6712d (webtiles) character file.

Game seed: 0

30281 Anon1729 the Grappler (level 13, -9/83 HPs)
             Began as an Octopode Fighter on Mar 2, 2019.
             Was the Champion of Ru.
             Mangled by a large abomination (23 damage)
             ... on level 2 of the Abyss.
             The game lasted 01:02:30 (17237 turns).

Anon1729 the Grappler (Octopode Fighter)           Turns: 17237, Time: 01:02:31

Health: -9/83      AC:  9    Str: 20    XL:     13   Next: 50%
Magic:  23/23      EV: 22    Int: 15    God:    Ru [******]
Gold:   642        SH: 17    Dex: 17    Spells: 10/12 levels left

rFire    + . .     SeeInvis .     - Unarmed
rCold    + + .     Gourm    .   a - +1 shield
rNeg     . . .     Faith    .   y - +2 hat {MR+}
rPois    .         Spirit   .   J - +4 amulet of reflection
rElec    .         Reflect  +   m - ring of protection from cold
rCorr    .         Harm     .   t - +6 ring of protection
MR       +....     Clarity  +   E - ring of protection from magic
Stlth    ++++++....             H - ring of protection from magic
HPRegen  0.23/turn              h - ring of ice
MPRegen  0.18/turn              O - ring of magical power
                                U - ring "Ropsutsy" {rF+ rC+}
                                b - ring of fire

@: brilliant, agile, exhausted, about to teleport, overwhelmed with horror,
flying, hasted, lightly drained, very quick
A: almost no armour, stealthy swim, amphibious, 8 rings, constrict 8, camouflage
1, clarity, gelatinous body 1, hated by all, cowardly, magic vulnerability 2,
unskilled 1
a: Draw Out Power, Power Leap, Apocalypse, Renounce Religion


You were on level 2 of the Abyss.
You worshipped Ru.
Ru was exalted by your worship.
You were not hungry.

You visited 3 branches of the dungeon, and saw 16 of its levels.
You visited the Abyss 1 time.
You also visited: Gauntlet.

You collected 737 gold pieces.
You spent 95 gold pieces at shops.

Inventory:

Hand Weapons
 p - a +0 blowgun
 M - the +5 falchion of Greed {slice, rPois rF+ Int+4}
   (You found it on level 2 of the Lair of Beasts)

   It inflicts extra damage upon your enemies.
   It affects your intelligence (+4).
   It protects you from fire.
   It protects you from poison.
 N - the +10 flail "Orb Guardian's Doom" {antimagic, rN++ Int+4 Dex+3}
   (You found it on level 3 of the Lair of Beasts)

   It reduces the magical energy of the wielder, and disrupts the spells and
   magical abilities of those hit.
   Natural abilities and divine invocations are not affected.
   It affects your intelligence (+4).
   It affects your dexterity (+3).
   It greatly protects you from negative energy.
Missiles
 d - 7 javelins (quivered)
 q - 56 poisoned needles
 G - 2 curare-tipped needles
 Q - 2 needles of sleeping
Armour
 a - a +1 shield (worn)
 y - a +2 hat of magic resistance (worn)
Jewellery
 b - a ring of fire (on tentacle)
 h - a ring of ice (on tentacle)
 m - a ring of protection from cold (left tentacle)
 t - a +6 ring of protection (right tentacle)
 D - an uncursed amulet of harm {unknown}
 E - a ring of protection from magic (on tentacle)
 H - a ring of protection from magic (on tentacle)
 I - the ring "Fibron" {Ice rPois Str-5 Dex+4 Stlth+}
   (You found it on level 11 of the Dungeon)

   [ring of ice]

   It enhances your ice magic.
   It affects your strength (-5).
   It affects your dexterity (+4).
   It makes you vulnerable to fire.
   It protects you from cold.
   It protects you from poison.
   It makes you more stealthy.
 J - a +4 amulet of reflection (around mantle)
 O - a ring of magical power (on tentacle)
 S - an uncursed ring of flight {unknown}
 U - the ring "Ropsutsy" (on tentacle) {rF+ rC+}
   (You found it on level 1 of the Abyss)

   [ring of protection from fire]

   It protects you from fire.
   It protects you from cold.
Wands
 g - a wand of acid (14)
 z - a wand of scattershot (1)
 C - a wand of flame (50)
 R - a wand of polymorph (9)
Scrolls
 f - 3 scrolls of identify
 i - 4 scrolls of immolation {unknown}
 j - a scroll of random uselessness {unknown}
 k - 2 scrolls of enchant armour
 l - 4 scrolls of teleportation
 n - 2 scrolls of fog {unknown}
 r - a scroll of fear {unknown}
 s - 9 scrolls of remove curse
 v - 3 scrolls of amnesia
 w - 3 scrolls of enchant weapon
 x - a scroll of magic mapping
 F - 3 scrolls of noise {unknown}
Potions
 u - 2 potions of haste
 B - a potion of magic
 L - a potion of resistance
Miscellaneous
 A - a phial of floods (inert)
Comestibles
 c - 25 rations


   Skills:
 + Level 6.1(5.6) Fighting
 - Level 1.2(0.8) Long Blades
 - Level 3.7(3.3) Throwing
 + Level 7.8(7.2) Dodging
 + Level 10.3(9.7) Stealth
 + Level 9.1(8.5) Shields
 + Level 13.7(13.1) Unarmed Combat
 - Level 1.4(0.9) Evocations


You had 10 spell levels left.
You knew the following spells:

 Your Spells              Type           Power        Failure   Level  Hunger
a - Apportation           Tloc           #.....       7%          1    ##.....
b - Confusing Touch       Hex            #.....       7%          1    ##.....

Your spell library contained the following spells:

 Spells                   Type           Power        Failure   Level  Hunger
 Infusion                 Chrm           #...         7%          1    ##.....
 Shroud of Golubria       Chrm/Tloc      #.........   11%         2    ###....
 Song of Slaying          Chrm           #.......     11%         2    ###....
 Regeneration             Chrm/Necr      #.........   19%         3    ####...
 Spectral Weapon          Hex/Chrm       #.......     19%         3    ####...
 Animate Skeleton         Necr           Unusable     N/A         1    N/A
 Summon Butterflies       Summ           Unusable     N/A         1    N/A
 Summon Small Mammal      Summ           Unusable     N/A         1    N/A
 Call Canine Familiar     Summ           Unusable     N/A         3    N/A
 Summon Ice Beast         Ice/Summ       Unusable     N/A         4    N/A
 Summon Mana Viper        Hex/Summ       Unusable     N/A         5    N/A
 Summon Hydra             Summ           Unusable     N/A         7    N/A

Dungeon Overview and Level Annotations

Branches:
Dungeon (12/15)            Temple (1/1) D:6            Lair (3/6) D:8
  Swamp (0/4) Lair:3       Spider (0/4) Lair:3          Orc (0/2) D:11

Altars:
Ashenzari
Cheibriados
Dithmenos
Elyvilon
Fedhas
Gozag
Hepliaklqana
Kikubaaqudgha
Makhleb
Nemelex Xobeh
Okawaru
Qazlal
Ru
Sif Muna
Trog
Uskayaw
Vehumet
Wu Jian
Xom
Yredelemnul
Zin
The Shining One

Shops:
D:7 ?   D:9 (   D:10 [

Annotations:
D:8 2 transporters, Wired's ghost, novice TrHu
D:11 2 transporters, confidenceinterval's ghost, journeyman HaBe
D:12 exclusion: door, Erolcha
Lair:3 Gastronok


Innate Abilities, Weirdness & Mutations

You cannot wear most types of armour.
You are very stealthy in the water. (Stealth+)
You are amphibious.
You can wear up to eight rings at the same time.
You can use your tentacles to constrict eight enemies at once.
Your skin changes colour to match your surroundings (Stealth+).
Your rubbery body absorbs attacks. (AC +1, EV +1)
You are hated by all.
Your cowardice makes you less effective in combat with threatening monsters.
You are vulnerable to magic. (MR--)
You are somewhat unskilled. (-1 Apt)
You possess an exceptional clarity of mind.


Message History

Aiming: Corrosive Bolt
Press: ? - help, Shift-Dir - straight line, f/p - small abomination
Aim: a small abomination The bolt of acid hits the large abomination!
The large abomination is splashed with acid.
The acid corrodes the large abomination!
The large abomination is heavily damaged.
The bolt of acid hits the smoke demon!
The smoke demon is splashed with acid.
The acid corrodes the smoke demon!
The smoke demon is almost dead.
The bolt of acid hits the small abomination!
The small abomination is splashed with acid.
The acid corrodes the small abomination!
The small abomination is heavily damaged.
You are engulfed in freezing vapours.
You resist. The smoke demon gestures at you. Something smites you!
* * * LOW HITPOINT WARNING * * *
The large abomination hits you!!
You die...

.. ##8# .. #.#
#.## # ####. )#
#@##.# .#
#≈..83X≈8E5..≈#
#.##x##≈##.##$#
# ### .# # X..
# #


You could see a crystal guardian, a large abomination, a water elemental, a
smoke demon, a small abomination and a white imp.

Vanquished Creatures
  A two-headed ogre (D:11)
  Urug (D:11)
  A sixfirhy (Abyss:2)
  A wizard (D:12)
  An ugly thing (D:8)
  3 worldbinders (Abyss:1)
  2 black mambas
  4 spiny frogs
  A hellion (Abyss:1)
  A komodo dragon (Lair:1)
  A troll (D:12)
  A queen bee (D:9)
  Grinder (D:6)
  Prince Ribbit (D:8)
  A raiju (Gauntlet)
  4 blink frogs (Lair:1)
  A dream sheep (Lair:3)
  4 slime creatures
  8 hippogriffs
  2 centaur simulacra (Gauntlet)
  A water elemental (D:11)
  2 wyverns
  A shadow (D:11)
  12 yaks
  A basilisk (Lair:1)
  2 hungry ghosts
  A steam dragon (Gauntlet)
  2 chaos spawn (Gauntlet)
  A neqoxec (Gauntlet)
  Edmund (D:3)
  4 water moccasins
  A small abomination (Abyss:1)
  7 porcupines
  A black bear (D:10)
  An ice beast (D:6)
  A hornet zombie (D:10)
  A sky beast (D:10)
  3 orc warriors
  A phantom (D:12)
  3 necrophages
  6 ogres
  A wolf (D:5)
  5 centaurs
  3 crocodiles (Lair:1)
  4 big kobolds
  Blork the orc (D:5)
  10 bullfrogs
  3 gnoll sergeants (D:5)
  A wyvern zombie (D:8)
  A water moccasin zombie (D:6)
  2 scorpions
  25 killer bees
  3 wights (D:10)
  9 howler monkeys
  4 crimson imps
  A centaur zombie (D:12)
  5 hounds
  A bullfrog zombie (D:6)
  4 jellies
  3 bullfrog skeletons
  2 quasits
  8 orc priests
  2 gnoll shamans (D:5)
  8 iguanas
  7 orc wizards
  An iron imp (Abyss:1)
  2 centaur skeletons
  10 worker ants
  3 hound zombies
  A worker ant zombie (D:5)
  19 gnolls
  13 adders
  A shadow imp (D:10)
  4 oozes
  An adder skeleton (D:5)
  2 worms
  A dart slug (D:4)
  6 leopard geckos
  51 orcs
  A ball python (D:3)
  10 bats
  A giant cockroach (D:2)
  5 goblins
  14 hobgoblins
  17 jackals
  5 quokkas
  6 frilled lizards
  23 kobolds
  A quokka skeleton (D:4)
  A quokka zombie (D:8)
  8 rats
413 creatures vanquished.

Vanquished Creatures (others)
  A manticore (D:9)
  A centaur (D:10)
  A kobold (D:11)
  10 plants
13 creatures vanquished.

Grand Total: 426 creatures vanquished

Notes
Turn   | Place    | Note
-------+----------+-------------------------------------------
     0 | D:1      | Anon1729 the Octopode Fighter began the quest for the Orb.
     0 | D:1      | Reached XP level 1. HP: 16/16 MP: 1/1
   360 | D:1      | Reached XP level 2. HP: 21/21 MP: 2/2
   670 | D:1      | Reached XP level 3. HP: 19/26 MP: 3/3
   921 | D:1      | Reached skill level 1 in Stealth
  1624 | D:2      | Reached XP level 4. HP: 14/31 MP: 4/4
  2127 | D:3      | Reached skill level 3 in Unarmed Combat
  2986 | D:3      | Reached XP level 5. HP: 36/36 MP: 5/5
  3492 | D:4      | Noticed Edmund
  3676 | D:3      | Killed Edmund
  3676 | D:3      | Reached skill level 1 in Throwing
  3676 | D:3      | Reached skill level 4 in Unarmed Combat
  3676 | D:3      | Reached XP level 6. HP: 18/42 MP: 6/6
  3952 | D:4      | Found a burning altar of Makhleb.
  4040 | D:4      | Reached XP level 7. HP: 45/46 MP: 7/7
  4298 | D:4      | Found a white marble altar of Elyvilon.
  4409 | D:4      | Found a hide-covered altar of Uskayaw.
  4524 | D:5      | Entered Level 5 of the Dungeon
  4542 | D:5      | Noticed a hippogriff
  4557 | D:5      | Reached skill level 5 in Unarmed Combat
  4577 | D:5      | Killed a hippogriff
  5141 | D:5      | Reached XP level 8. HP: 35/54 MP: 8/8
  5309 | D:5      | Reached skill level 6 in Unarmed Combat
  5506 | D:5      | Reached skill level 5 in Shields
  5637 | D:5      | Reached skill level 5 in Stealth
  5658 | D:5      | Found a glowing silver altar of Zin.
  5686 | D:5      | Noticed Blork the orc
  5701 | D:5      | Killed Blork the orc
  5701 | D:5      | Reached skill level 5 in Dodging
  6013 | D:5      | Reached skill level 7 in Unarmed Combat
  6107 | D:6      | Noticed Grinder
  6115 | D:6      | Killed Grinder
  6115 | D:6      | Reached XP level 9. HP: 52/58 MP: 9/9
  6199 | D:6      | Found a staircase to the Ecumenical Temple.
  6213 | Temple   | Entered the Ecumenical Temple
  6286 | Temple   | Became a worshipper of Ru the Awakened
  6310 | D:6      | Reached skill level 8 in Unarmed Combat
  6937 | D:6      | Found an ornate altar of the Wu Jian Council.
  6938 | D:6      | Found a stormy altar of Qazlal.
  7141 | D:7      | Found Noanaps's Magic Scroll Shop.
  7156 | D:7      | Bought a scroll of identify for 20 gold pieces
  7156 | D:7      | Bought a scroll of blinking for 75 gold pieces
  7460 | D:7      | Gained mutation: You are slightly vulnerable to magic.
                  | (MR-) [Ru sacrifice]
  7460 | D:7      | Reached * piety under Ru
  7558 | D:8      | Noticed a two-headed ogre
  7590 | D:8      | Found a staircase to the Lair.
  7629 | D:8      | Reached skill level 9 in Unarmed Combat
  7913 | D:8      | Noticed Prince Ribbit
  8319 | D:8      | Found a transporter.
  8321 | D:8      | Noticed an eight-headed hydra
  8334 | D:8      | Noticed a red ugly thing
  8336 | D:8      | Reached XP level 10. HP: 64/64 MP: 10/10
  8523 | D:8      | Found a transporter.
  8529 | D:8      | Noticed a moth of wrath
  8529 | D:8      | Noticed Wired's ghost (novice TrHu)
  8865 | D:8      | Killed Prince Ribbit
  9071 | D:8      | Found an iron altar of Okawaru.
  9097 | D:8      | Killed a white ugly thing
  9175 | Lair:1   | Entered Level 1 of the Lair of Beasts
  9358 | Lair:1   | Reached skill level 10 in Unarmed Combat
  9617 | Lair:1   | Noticed a spiny frog
  9654 | Lair:1   | Noticed a spiny frog
  9657 | Lair:1   | Killed a spiny frog
  9657 | Lair:1   | Reached skill level 1 in Evocations
  9662 | Lair:1   | Killed a spiny frog
  9670 | Lair:1   | Reached XP level 11. HP: 51/70 MP: 11/11
 10118 | Lair:1   | Reached skill level 5 in Fighting
 10137 | Lair:1   | Reached skill level 11 in Unarmed Combat
 10852 | Lair:2   | Gained mutation: Your cowardice makes you less effective in
                  | combat with threatening monsters. [Ru sacrifice]
 10852 | Lair:2   | Reached ** piety under Ru
 11078 | Lair:2   | Got a twisted falchion
 11079 | Lair:2   | Identified the +5 falchion of Greed {slice, rPois rF+
                  | Int+4} (You found it on level 2 of the Lair of Beasts)
 11562 | Lair:3   | Got a twisted flail
 11563 | Lair:3   | Identified the +10 flail "Orb Guardian's Doom" {antimagic,
                  | rN++ Int+4 Dex+3} (You found it on level 3 of the Lair of
                  | Beasts)
 11566 | Lair:3   | Found a gate leading to a gauntlet.
 11575 | Gauntlet | Entered a Gauntlet
 11575 | Gauntlet | Found a transporter.
 11575 | Gauntlet | Found a transporter.
 11575 | Gauntlet | Found a transporter.
 11575 | Gauntlet | Noticed a tengu warrior
 11577 | Gauntlet | Found a transporter.
 11578 | Gauntlet | Found a transporter.
 11578 | Gauntlet | Identified the amulet "Ylif" {Acrobat -Tele rElec MR++
                  | SInv}
 11581 | Gauntlet | Found a transporter.
 11587 | Gauntlet | Found a transporter.
 11588 | Gauntlet | Noticed a wizard
 11589 | Gauntlet | Found a transporter.
 11590 | Gauntlet | Found a transporter.
 11592 | Gauntlet | Found a transporter.
 11602 | Gauntlet | Found a transporter.
 11605 | Gauntlet | Found a transporter.
 11611 | Gauntlet | Noticed a large abomination
 11611 | Gauntlet | Noticed a large abomination
 11792 | Gauntlet | Reached skill level 13 in Unarmed Combat
 11792 | Gauntlet | Reached XP level 12. HP: 77/77 MP: 4/12
 11797 | Gauntlet | Gained mutation: You possess an exceptional clarity of
                  | mind. [a neqoxec]
 11922 | Gauntlet | Reached skill level 1 in Long Blades
 12346 | Gauntlet | Identified the +7 scimitar "Kesiq" {flame, rC++ Dex+4}
 12346 | Gauntlet | Noticed a minotaur
 12758 | Lair:3   | Noticed Gastronok
 12830 | Lair:3   | Found a staircase to the Swamp.
 12839 | Lair:3   | Noticed a death yak
 12842 | Lair:3   | Noticed a death yak
 12899 | Lair:3   | Reached skill level 14 in Unarmed Combat
 13103 | D:9      | Found a shimmering altar of Xom.
 13103 | D:9      | Found a shimmering altar of Xom.
 13104 | D:9      | Found a shimmering altar of Xom.
 13104 | D:9      | Found a shimmering altar of Xom.
 13197 | D:9      | Gained mutation: You are somewhat unskilled. (-1 Apt) [Ru
                  | sacrifice]
 13197 | D:9      | Reduced skill Unarmed Combat to level 13
 13197 | D:9      | Reached *** piety under Ru
 13328 | D:9      | Found a shimmering altar of Xom.
 13347 | D:9      | Found a shimmering altar of Xom.
 13364 | D:9      | Found Ezuijas's Antique Weapon Shoppe.
 14159 | D:10     | Entered Level 10 of the Dungeon
 14159 | D:10     | Found Kifemiq's Armour Shoppe.
 14557 | D:10     | Reached skill level 5 in Fighting
 14863 | D:10     | Reached XP level 13. HP: 81/81 MP: 14/14
 14903 | D:10     | Gained mutation: You are vulnerable to magic. (MR--) [Ru
                  | sacrifice]
 14903 | D:10     | Reached **** piety under Ru
 14903 | D:10     | Reached ***** piety under Ru
 15270 | D:11     | Got a smoking wooden ring
 15271 | D:11     | Identified the ring "Fibron" {Ice rPois Str-5 Dex+4 Stlth+}
                  | (You found it on level 11 of the Dungeon)
 15362 | D:11     | Found a transporter.
 15362 | D:11     | Noticed confidenceinterval's ghost (journeyman HaBe)
 15371 | D:11     | Found a transporter.
 15391 | D:11     | Noticed Urug
 15403 | D:11     | Killed Urug
 15712 | D:11     | Found a staircase to the Orcish Mines.
 16622 | D:12     | Reached skill level 10 in Stealth
 17002 | D:12     | Noticed Erolcha
 17013 | D:12     | Cast into level 1 of the Abyss (Erolcha)
 17013 | Abyss:1  | Found a corrupted altar of Lugonu.
 17033 | Abyss:1  | Gained mutation: You are hated by all. [Ru sacrifice]
 17033 | Abyss:1  | Reached ****** piety under Ru
 17042 | Abyss:1  | Noticed a white draconian
 17048 | Abyss:1  | Noticed a tentacled starspawn
 17049 | Abyss:1  | Got a pitted amber ring
 17054 | Abyss:1  | Identified the ring "Ropsutsy" {rF+ rC+} (You found it on
                  | level 1 of the Abyss)
 17084 | Abyss:1  | Noticed a cacodemon
 17167 | Abyss:1  | Learned a level 1 spell: Apportation
 17169 | Abyss:1  | Learned a level 1 spell: Confusing Touch
 17205 | Abyss:1  | HP: 4/83 [spatial maelstrom (2)]
 17208 | Abyss:2  | Noticed a crystal guardian
 17211 | Abyss:2  | Found a corrupted altar of Lugonu.
 17237 | Abyss:2  | Mangled by a large abomination

Levels and vault maps discovered:
D:1:      lightli_arrival_chessboard, layout_loops_corners
D:2:      layout_basic, first_ration
D:3:      layout_basic
D:4:      layout_rooms, nicolae_overflow_crystal_walls, lemuel_round_altar,
          overflow_temple_1_default, minmay_increasing_density, uniq_edmund
D:5:      layout_cave_pools, zin_treasury, serial_gnoll_camp,
          gnoll_camp_huts_basic, gnoll_camp_mini_hut, gnoll_camp_mini_doghouse,
          gnoll_camp_mini_house, uniq_blork_the_orc
D:6:      layout_basic, gammafunk_temple_overflow_statue,
          minmay_temple_entry_statues_fountains, uniq_grinder
D:7:      layout_cave_pools, serial_shops, nicolae_shop_stone
D:8:      layout_rooms, kennysheep_little_box, lair_entry_dummy,
          gammafunk_ghost_berserking_beasts, uniq_prince_ribbit1
D:9:      layout_loops_cross, xom_redecorated, serial_shops, shop,
          david_nohive_1
D:10:     layout_long_grid, serial_shops, shop, chequers_jeans
D:11:     layout_long_grid, orc_0_dummy, gammafunk_ghost_berserking_beasts,
          serial_bayou_lagoon_a, uniq_urug
D:12:     layout_rooms, laboratory, uniq_erolcha
Temple:   nicolae_temple_great_sept
Lair:1:   layout_gridlike, eino_small_chamber_without_monster,
          grunt_megastairs_3
Lair:2:   layout_loops_ring, hangedman_lair_unloving_vines
Lair:3:   layout_gridlike, swamp_mist_pool, spider_nest_entry_a,
          gauntlet_entry_generic, infiniplex_staircase_pool_2,
          grunt_megastairs_1, uniq_gastronok
Abyss:1
Abyss:2:  hangedman_cross_veins
Gauntlet: minmay_gauntlet_mixed_big_or_small [nicolae_gauntlet_arena_t_cross,
          minmay_gauntlet_arena_77_double_cross,
          gammafunk_gauntlet_arena_corners,
          minmay_gauntlet_arena_77_terracotta_army,
          gammafunk_gauntlet_arena_crates, minmay_gauntlet_arena_77_block_sizes,
          gauntlet_exit_hidden_loot]

Skill      XL: |  1  2  3  4  5  6  7  8  9 10 11 12 13 |
---------------+----------------------------------------+-----
Stealth        | 1 2 3 4 5 7 8 9 10 | 10.3
Unarmed Combat | 3 4 5 7 9 10 13 13 | 13.7
Throwing       | 1 3 |  3.7
Dodging        | 4 5 6 7 7 |  7.8
Shields        | 4 6 8 9 |  9.1
Fighting       | 4 5 5 6 |  6.1
Evocations     | 1 |  1.4
Long Blades    | 1 |  1.2

Action                   |  1- 3 |  4- 6 |  7- 9 | 10-12 | 13-15 || total
-------------------------+-------+-------+-------+-------+-------++-------
Melee: Unarmed           |    98 |   123 |   348 |   411 |   205 ||  1185
       Constrict         |    28 |    30 |    76 |    65 |    18 ||   217
       Tentacles         |    19 |    26 |    92 |    80 |    57 ||   274
       Punch             |     1 |     2 |    14 |    42 |    24 ||    83
       Falchion          |       |       |       |    12 |       ||    12
       Flail             |       |       |       |       |     9 ||     9
 Fire: Blowgun           |       |     8 |       |    22 |     1 ||    31
Invok: Sacrifice Essence |       |       |     1 |       |     1 ||     2
       Sacrifice Courage |       |       |       |     1 |       ||     1
       Sacrifice Skill   |       |       |       |     1 |       ||     1
       Draw Out Power    |       |       |       |       |     3 ||     3
       Power Leap        |       |       |       |       |     1 ||     1
       Sacrifice Love    |       |       |       |       |     1 ||     1
Evoke: Wand              |       |       |       |     9 |     6 ||    15
       Phial of floods   |       |       |       |     1 |     1 ||     2
  Use: Scroll            |       |       |     5 |     9 |     2 ||    16
       Potion            |       |       |     2 |    16 |     9 ||    27
 Stab: Sleeping          |    12 |     7 |    18 |    24 |    13 ||    74
       Distracted        |       |       |     1 |     3 |     1 ||     5
       Invisible         |       |       |       |     1 |       ||     1
       Paralysed         |       |       |       |       |     3 ||     3
  Eat: Chunk             |     2 |     8 |    14 |    13 |     9 ||    46
       Ration            |       |       |       |     2 |       ||     2
Armor: Skin              |     3 |    20 |    71 |    38 |    16 ||   148
Dodge: Dodged            |    20 |    54 |   161 |   118 |    64 ||   417
Block: Shield            |    39 |    56 |   182 |   268 |   129 ||   674
       Reflection        |       |       |     2 |    11 |     7 ||    20
       Rpst.: Falchion   |       |       |       |     2 |       ||     2

Table legend:
 A = Non-vault XP
 B = Vault XP
 C = Vault XP percentage of total XP
 D = Non-vault monster count
 E = Vault monster count
 F = Vault count percentage of total count
                 A         B        C        D         E       F
            +---------+---------+-------+---------+---------+-------
      Total |   24647 |    7620 |  23.6 |     349 |      66 |  15.9
            +---------+---------+-------+---------+---------+-------
        D:1 |      57 |       0 |   0.0 |      32 |       0 |   0.0
        D:2 |      39 |       0 |   0.0 |      16 |       0 |   0.0
        D:3 |     151 |     171 |  53.1 |      31 |       1 |   3.1
        D:4 |     247 |     117 |  32.1 |      19 |       6 |  24.0
        D:5 |     573 |     853 |  59.8 |      18 |      27 |  60.0
        D:6 |     706 |     304 |  30.1 |      13 |       1 |   7.1
        D:7 |     864 |       0 |   0.0 |      29 |       0 |   0.0
        D:8 |    1611 |     283 |  14.9 |      28 |       1 |   3.4
        D:9 |    2262 |    1203 |  34.7 |      35 |      16 |  31.4
       D:10 |    1962 |       0 |   0.0 |      38 |       0 |   0.0
       D:11 |    2998 |     831 |  21.7 |      27 |       1 |   3.6
       D:12 |    3559 |     697 |  16.4 |      23 |       1 |   4.2
     Lair:1 |    5388 |     418 |   7.2 |      26 |       1 |   3.7
     Lair:2 |    1229 |       0 |   0.0 |       5 |       0 |   0.0
     Lair:3 |     795 |     564 |  41.5 |       3 |       3 |  50.0
    Abyss:1 |    2206 |       0 |   0.0 |       6 |       0 |   0.0
    Abyss:2 |       0 |     784 | 100.0 |       0 |       1 | 100.0
   Gauntlet |       0 |    1395 | 100.0 |       0 |       7 | 100.0
            +---------+---------+-------+---------+---------+-------
